 Dungeon Crawl Stone Soup version 0.25-a0-934-g041635d5d1 (webtiles) character file.

Game seed: 9876443049980589958, levelgen mode: deterministic

37 Anathary the Slasher (level 3, 0/28 HPs)
             Began as a Demonspawn Gladiator on May 4, 2020.
             Succumbed to an adder's poison
             ... on level 2 of the Dungeon.
             The game lasted 00:02:51 (1127 turns).

Anathary the Slasher (Demonspawn Gladiator)         Turns: 1127, Time: 00:02:52

Health: 0/28       AC:  3    Str: 14    XL:     3   Next: 23%
Magic:  3/3        EV: 13    Int:  9    God:
Gold:   116        SH:  0    Dex: 15    Spells: 2/2 levels left

rFire    . . .     SeeInvis .   a - +0 long sword
rCold    + . .     Gourm    .   (no shield)
rNeg     . . .     Faith    .   b - +0 leather armour
rPois    .         Spirit   .   c - +0 helmet
rElec    .         Reflect  .   (no cloak)
rCorr    .         Harm     .   e - +0 pair of gloves
MR       .....                  (no boots)
Stlth    +.........             (no amulet)
HPRegen  0.09/turn              (no ring)
MPRegen  0.08/turn              (no ring)

@: lethally poisoned (0 -> -4)
A: talons 1, blurry vision 1, cold resistance 1, deformed body, powered by pain
1, wild magic 1
a: no special abilities


You were on level 2 of the Dungeon.
You were not hungry.

You visited 1 branch of the dungeon, and saw 2 of its levels.

You collected 116 gold pieces.

Inventory:

Hand Weapons
 a - a +0 long sword (weapon)
Missiles
 d - 3 throwing nets (quivered)
Armour
 b - a +0 leather armour (worn)
 c - a +0 helmet (worn)
 e - a +0 pair of gloves (worn)
Jewellery
 i - an uncursed ring of see invisible {unknown}
 k - an uncursed ring of protection from magic {unknown}
Scrolls
 j - a scroll of identify
Potions
 l - a potion of cancellation
Comestibles
 f - 5 rations


   Skills:
 + Level 2.4 Fighting
 + Level 3.4 Long Blades
 - Level 1.7 Throwing
 + Level 0.5 Armour
 + Level 2.8 Dodging
 + Level 0.2 Stealth


You had 2 spell levels left.
You didn't know any spells.
Your spell library was empty.

Dungeon Overview and Level Annotations

Branches:
Dungeon (2/15)

Altars:


Innate Abilities, Weirdness & Mutations

Your flesh is cold resistant. (rC+)
You sometimes gain a little power by taking damage.
You have sharp toenails.
Scrolls take you a little longer to read.
Armour fits poorly on your strangely shaped body.
Your spells are a little harder to cast, but a little more powerful.


Message History

You feel blessed for a moment.
It was a scroll of remove curse.
* * * LOW HITPOINT WARNING * * *
You feel sick.
As you read the scroll labeled LEIMAWNOO, it crumbles to dust.
It is a scroll of identify.
l - a potion of cancellation It was a potion of mutation.
You feel extremely strange.
Your toenails lengthen and sharpen.
Your vision blurs.
Your body twists and deforms.
You feel less in control of your magic.
* * * LOW HITPOINT WARNING * * *
You feel sick.
* * * LOW HITPOINT WARNING * * *
You feel sick.
* * * LOW HITPOINT WARNING * * *
You feel sick.
* * * LOW HITPOINT WARNING * * *
You feel sick.
* * * LOW HITPOINT WARNING * * *
You feel sick.
You die... .# .# .# .# .# # .# #.###.# #..@<.# #######

There were no monsters in sight!

Vanquished Creatures
  An adder (D:2)
  2 giant cockroaches (D:1)
  4 goblins (D:1)
  6 hobgoblins (D:1)
  A ball python (D:1)
  3 bats (D:1)
  3 frilled lizards (D:1)
  3 kobolds (D:1)
  4 rats (D:1)
27 creatures vanquished.

Notes
Turn   | Place    | Note
-------+----------+-------------------------------------------
     0 | D:1      | Anathary the Demonspawn Gladiator began the quest for the
                  | Orb.
     0 | D:1      | Reached XP level 1. HP: 16/16 MP: 1/1
   389 | D:1      | Reached skill level 3 in Long Blades
   412 | D:1      | Gained mutation: You sometimes gain a little power by
                  | taking damage. [demonic ancestry]
   412 | D:1      | Reached XP level 2. HP: 22/22 MP: 2/2
  1111 | D:2      | Gained mutation: Your flesh is cold resistant. (rC+)
                  | [demonic ancestry]
  1111 | D:2      | Reached XP level 3. HP: 7/28 MP: 3/3
  1116 | D:2      | Gained mutation: You have sharp toenails. [potion of
                  | mutation]
  1116 | D:2      | Gained mutation: Scrolls take you a little longer to read.
                  | [potion of mutation]
  1116 | D:2      | Gained mutation: Armour fits poorly on your strangely
                  | shaped body. [potion of mutation]
  1116 | D:2      | Gained mutation: Your spells are a little harder to cast,
                  | but a little more powerful. [potion of mutation]
  1124 | D:2      | HP: 1/28 [poisoned by an adder]
  1127 | D:2      | Succumbed to an adder's poison

Levels and vault maps discovered:
D:1:      tarquinn_simple_flora_water_d, layout_loops_ring, dk_noncrumbling_4
D:2:      layout_basic, nicolae_qazlal_eye_of_the_storm, uniq_robin

Skill      XL: |  1 |
---------------+----+-----
Long Blades    | 3 |  3.4
Fighting       | |  2.4
Throwing       | |  1.7
Armour         | |  0.5
Dodging        | |  2.8
Stealth        | |  0.2

Action                   || total
-------------------------++-------
Melee: Long sword        ||    63
  Use: Scroll            ||     2
       Potion            ||     1
 Stab: Sleeping          ||     1
  Eat: Chunk             ||     1
Armor: Leather armour    ||    22
Dodge: Dodged            ||    65
       Rpst.: Long sword ||    25

Table legend:
 A = Non-vault XP
 B = Vault XP
 C = Vault XP percentage of total XP
 D = Non-vault monster count
 E = Vault monster count
 F = Vault count percentage of total count
                 A         B        C        D         E       F
            +---------+---------+-------+---------+---------+-------
      Total |      54 |       0 |   0.0 |      27 |       0 |   0.0
            +---------+---------+-------+---------+---------+-------
        D:1 |      40 |       0 |   0.0 |      26 |       0 |   0.0
        D:2 |      14 |       0 |   0.0 |       1 |       0 |   0.0
            +---------+---------+-------+---------+---------+-------
